 Dungeon Crawl Stone Soup version 0.30-a0-691-g754fce4c43 (webtiles) character file.

Game seed: 7041314791908050124

145 CrazyBamboolord the Insei (level 5, 0/33 HPs)
             Began as an Octopode Transmuter on Jan 19, 2023.
             Killed by divine providence
             ... invoked by an orc priest
              (12 damage)
             ... on level 4 of the Dungeon.
             The game lasted 00:05:36 (2592 turns).

CrazyBamboolord the Insei (Octopode Transmuter)     Turns: 2592, Time: 00:05:36

Health: 0/33       AC:  1    Str:  9    XL:     5   Next: 27%
Magic:  9/9        EV: 13    Int: 18    God:
Gold:   112        SH:  0    Dex: 12    Spells: 3/10 levels left

rFire   . . .      SeeInvis .      - Unarmed
rCold   . . .      Faith    .    (no shield)
rNeg    . . .      Spirit   .    (helmet restricted)
rPois   .          Reflect  .    d - amulet of magic regeneration
rElec   .          Harm     .    (no ring)
rCorr   .          Rampage  .    (no ring)
Will    .....                    (no ring)
Stlth   ++                       (no ring)
HPRegen 0.25/turn                (no ring)
MPRegen 0.51/turn                (no ring)
                                 (no ring)
                                 (no ring)

@: no status effects
A: almost no armour, amphibious, 8 rings, camouflage 1, gelatinous body 1,
(nimble swimmer 1), tentacles
a: no special abilities


You were on level 4 of the Dungeon.
You visited 1 branch of the dungeon, and saw 4 of its levels.

You collected 112 gold pieces.

Inventory:

Jewellery
 d - an amulet of magic regeneration (around mantle)
Scrolls
 c - 4 scrolls of teleportation
 f - a scroll of blinking {unknown}
 i - a scroll of torment {unknown}
 j - a scroll of immolation {unknown}
 k - a scroll of poison {unknown}
 m - a scroll of silence {unknown}
Potions
 a - a potion of lignification
 b - 3 potions of heal wounds
 g - 4 potions of flight
 h - 2 potions of haste
 l - 2 potions of berserk rage


   Skills:
 * Level 1.5 Fighting
 * Level 2.7 Dodging
 + Level 0.8 Stealth
 * Level 3.6 Unarmed Combat
 * Level 3.1 Spellcasting
 * Level 2.5 Transmutations
 * Level 1.3 Poison Magic


You had 3 spell levels left.
You knew the following spells:

 Your Spells              Type           Power      Damage    Failure   Level
a - Beastly Appendage     Tmut           24%        N/A       5%          1
b - Wereblood             Tmut           12%        N/A       9%          2
c - Sting                 Tmut/Pois      36%        1d4       7%          1
d - Spider Form           Tmut/Pois      9%         N/A       22%         3

Your spell library contained the following spells:

 Spells                   Type           Power      Damage    Failure   Level
 Necrotise                Necr           8%         1d4       16%         1
 Poisonous Vapours        Pois/Air       10%        N/A       19%         2
 Call Canine Familiar     Summ           2%         N/A       43%         3
 Portal Projectile        Hex/Tloc       4%         N/A       43%         3
 Tukima's Dance           Hex            2%         N/A       43%         3
 Vampiric Draining        Necr           2%         2d6       43%         3
 Ice Form                 Ice/Tmut       7%         N/A       67%         4
 Olgreb's Toxic Radiance  Pois           7%         N/A       67%         4
 Leda's Liquefaction      Hex/Erth       1%         N/A       85%         4
 Passage of Golubria      Tloc           2%         N/A       85%         4
 Yara's Violent Unravell  Hex/Tmut       3%         3d4       95%         5
 Agony                    Necr           2%         N/A       99%         5


Dungeon Overview and Level Annotations

Branches:
Dungeon (4/15)
 Temple: D:4-7

Altars:
Hepliaklqana


Innate Abilities, Weirdness & Mutations

You cannot wear most types of armour.
You are amphibious.
You can wear up to eight rings at the same time.
Your skin changes colour to match your surroundings (Stealth+).
Your rubbery body absorbs attacks. (AC +1, EV +1)
((You are camouflaged when in or above water. (Stealth+)))
You have tentacles for arms and can constrict up to eight enemies at once.


Message History

You tentacle-slap the orc but do no damage.
You pierce the orc.
You squeeze the orc.
You kill the orc!
Magic restored.
Your transformation is almost over.
An orc priest comes into view. It is wielding a +0 mace.
An orc priest is nearby!
Casting: Beastly Appendage (safe; 5% risk of failure)
Confirm with . or Enter, or press ? or * to list all spells.
Aiming: Sting (safe; 7% risk of failure)
Press: ? - help, Shift-Dir - straight line, f - orc priest
Aim: an orc priest, wielding a +0 mace and wearing a +0 leather armour (wandering, hasn't noticed you, 68% to hit)
The sting hits the orc priest but does no damage.
The orc priest is poisoned.
The orc priest shouts!
Casting: Sting (safe; 7% risk of failure)
Confirm with . or Enter, or press ? or * to list all spells.
Aiming: Sting (safe; 7% risk of failure)
Press: ? - help, Shift-Dir - straight line, f/p - orc priest
Aim: an orc priest, wielding a +0 mace and wearing a +0 leather armour (poisoned, 68% to hit)
The sting hits the orc priest but does no damage.
The orc priest looks even sicker.
You closely miss the orc priest. You grab the orc priest.
You pierce the orc priest.
The orc priest is moderately wounded.
Your tentacle spike disappears.
You constrict the orc priest, but do no damage.
The orc priest mumbles some strange prayers to Beogh against you.
Beogh smites you!
You tentacle-slap the orc priest.
You squeeze the orc priest, but do no damage.
The orc priest is moderately wounded.
You constrict the orc priest. You tentacle-slap the orc priest.
You squeeze the orc priest, but do no damage.
The orc priest is severely wounded.
You constrict the orc priest.
The orc priest invokes the aid of Beogh against you.
Beogh smites you!
You die...

#.. #.. #.# #.#
#######.###
......))..#
...o)...#.#
.....####o#######..
.... #..@.........#
.....##+#.#######..#
.?.........######..
. .........+......
.........#...#
##...........# ...
+...........# ..#
#.......#...# ..#
#.......#...#


You could see an orc priest (very poisoned).

Vanquished Creatures
  An orc priest (D:3)
  2 adders (D:4)
  3 gnolls (D:2)
  A worm (D:2)
  A dart slug (D:3)
  8 orcs
  5 ball pythons
  3 endoplasms
  5 hobgoblins
  4 jackals (D:2)
  2 kobolds
  3 quokkas
  9 bats
  4 frilled lizards
  4 goblins
  3 rats
58 creatures vanquished.

Notes
Turn   | Place    | Note
-------+----------+-------------------------------------------
     0 | D:1      | CrazyBamboolord the Octopode Transmuter began the quest for
                  | the Orb.
     0 | D:1      | Reached XP level 1. HP: 13/13 MP: 3/3
   178 | D:1      | Reached XP level 2. HP: 18/18 MP: 3/5
   255 | D:1      | Learned a level 2 spell: Wereblood
   943 | D:2      | Learned a level 1 spell: Sting
   968 | D:2      | Reached XP level 3. HP: 17/23 MP: 1/6
  1121 | D:2      | Reached XP level 4. HP: 21/28 MP: 1/8
  1821 | D:3      | Found a hazy altar of Hepliaklqana.
  1981 | D:3      | Reached skill level 1 in Poison Magic
  2438 | D:3      | Learned a level 3 spell: Spider Form
  2492 | D:4      | Reached XP level 5. HP: 33/33 MP: 9/9
  2592 | D:4      | Killed from afar by an orc priest

Illustrated notes

Levels and vault maps discovered:
D:1:      amcnicky_arrival_wind_blow, layout_basic
D:2:      layout_basic, serial_rivers, chequers_serial_rivers_micro_a,
          chequers_serial_rivers_small_a, chequers_serial_rivers_marsh,
          chequers_serial_rivers_micro_d, chequers_serial_rivers_marsh,
          chequers_serial_rivers_room_b, minmay_liquid_box
D:3:      layout_loops_ring, mainiacjoe_overflow_tiny_flanked,
          minmay_misc_feat_square
D:4:      layout_basic, kennysheep_slug_shrine, nicolae_shop_overcharged_wands

Skill      XL: |  1  2  3  4 |
---------------+-------------+-----
Spellcasting   | 3 |  3.1
Poison Magic   | 1 |  1.3
Fighting       | |  1.5
Dodging        | |  2.7
Stealth        | |  0.8
Unarmed Combat | |  3.6
Transmutations | |  2.5

Action                   |  1- 3 |  4- 6 || total
-------------------------+-------+-------++-------
Melee: Unarmed           |    47 |    53 ||   100
       Constrict         |    16 |    16 ||    32
       Kick              |    15 |    18 ||    33
       Tentacles         |    12 |    14 ||    26
       Punch             |       |     1 ||     1
 Cast: Beastly Appendage |    18 |    17 ||    35
       Sting             |     9 |    20 ||    29
       Wereblood         |       |     1 ||     1
  Use: Scroll            |       |     5 ||     5
 Stab: Sleeping          |       |     5 ||     5
Armor: Skin              |     1 |     4 ||     5
Dodge: Dodged            |    36 |    34 ||    70

Table legend: (Time is in decaauts)
 A = Elapsed time spent in this place.
 B = Non-inter-level travel time spent in this place.
 C = Inter-level travel time spent in this place.
 D = Time resting spent in this place.
 E = Time spent auto-exploring this place.
 F = Levels seen in this place.
 G = Mean time per level.
                   A        B        C        D        E       F      G
               +--------+--------+--------+--------+--------+-----+--------+
         Total |   2584 |   2512 |     72 |      0 |   2126 |   4 |  646.0 |
       Dungeon |   2584 |   2512 |     72 |      0 |   2126 |   4 |  646.0 |
               +--------+--------+--------+--------+--------+-----+--------+

Top non-repeatable levels by time:
     D:2: 940 daAuts
     D:3: 799 daAuts
     D:1: 733 daAuts
     D:4: 110 daAuts
